 Dungeon Crawl Stone Soup version 0.20.0-10-g0535bb4 (webtiles) character file.

20284 mopl the Markscentaur (level 12, -3/104 HPs)
             Began as a Centaur Hunter on June 3, 2017.
             Was a High Priest of Okawaru.
             Killed from afar by Nergalle (25 damage)
             ... with a bolt of negative energy
             ... on level 3 of the Lair of Beasts.
             The game lasted 00:32:05 (15808 turns).

mopl the Markscentaur (Centaur Hunter)             Turns: 15808, Time: 00:32:06

Health: -3/104     AC: 10    Str: 17    XL:     12   Next: 44%
Magic:  15/20      EV:  7    Int: 10    God:    Okawaru [*****.]
Gold:   249        SH:  0    Dex: 13    Spells: 8/11 levels left

rFire    + + .     SeeInvis .   a - +2 shortbow
rCold    + . .     Gourm    .   (shield currently unavailable)
rNeg     . . .     Faith    .   w - -1 chain mail (curse)
rPois    .         Spirit   .   i - +0 helmet
rElec    .         Reflect  .   m - scarf {rC+ rF+}
rCorr    .         Harm     .   B - +0 pair of gloves
MR       .....                  (no barding)
Stlth    ..........             F - amulet of regeneration
Regen    0.7/turn               p - ring of stealth
MPRegen  0.2/turn               C - ring of protection from fire

@: heroism, finesse, heavily drained, very quick
A: hooves 3, deformed body, speed 2, tough skin 3
a: Heroism, Finesse, Renounce Religion


You were on level 3 of the Lair of Beasts.
You worshipped Okawaru.
Okawaru was extremely pleased with you.
You were hungry.

You visited 3 branches of the dungeon, and saw 16 of its levels.

You collected 808 gold pieces.
You spent 559 gold pieces at shops.

Inventory:

Hand Weapons
 a - a +2 shortbow (weapon)
 b - a +0 trident of flaming
Missiles
 d - 151 arrows (quivered)
 o - 2 throwing nets
Armour
 i - a +0 helmet (worn)
 m - a scarf of resistance (worn)
 w - a cursed -1 chain mail (worn)
 B - a +0 pair of gloves (worn)
 I - a +0 cloak of magic resistance
Jewellery
 p - a ring of stealth (left hand)
 C - a ring of protection from fire (right hand)
 F - an amulet of regeneration (around neck)
 O - the ring of Elitism {rPois rC- Int+6 Stlth-}
   (You found it on level 10 of the Dungeon)

   [ring of loudness]

   It affects your intelligence (+6).
   It makes you vulnerable to cold.
   It protects you from poison.
   It makes you less stealthy.
Wands
 r - a wand of iceblast (14/15)
 v - a wand of iceblast (8/15)
 A - a wand of confusion (12/48)
 R - a wand of digging (8/24)
 W - a wand of acid (6/15)
 Y - a wand of disintegration (18/24)
 Z - a wand of paralysis (12/24)
Scrolls
 c - 5 scrolls of remove curse
 h - 2 scrolls of fear
 l - 5 scrolls of identify
 n - 2 scrolls of fog {unknown}
 s - 2 scrolls of magic mapping {unknown}
 t - 8 scrolls of teleportation
 E - a scroll of blinking {unknown}
 G - a scroll of immolation {unknown}
 S - a scroll of holy word {unknown}
 U - a scroll of summoning {unknown}
Potions
 e - 3 potions of mutation {!q}
 g - 2 potions of ambrosia
 j - 5 potions of berserk rage {!q}
 q - a potion of heal wounds
 u - 6 potions of agility
 z - 2 potions of flight
 K - 4 potions of haste
 M - 4 potions of curing
 Q - 2 potions of cancellation
 T - a potion of might
Comestibles
 f - 11 bread rations


   Skills:
 + Level 9.2(11.8) Fighting
 + Level 18.3(20.4) Bows
 + Level 3.0(6.0) Armour
 + Level 3.4(6.3) Dodging
 - Level 0.4(3.5) Stealth
 - Level 11.0(8.8) Invocations


You had 8 spell levels left.
You knew the following spells:

 Your Spells              Type           Power        Failure   Level  Hunger
r - Regeneration          Chrm/Necr      #.........   100%        3    ####...


Dungeon Overview and Level Annotations

Branches:
Dungeon (12/15)            Temple (1/1) D:6            Lair (3/6) D:11
 Shoals (0/4) Lair:2          Orc (0/2) D:12
  Snake: Lair:2-4    Spider: Lair:2-4

Altars:
Ashenzari
Cheibriados
Dithmenos
Elyvilon
Fedhas
Gozag
Hepliaklqana
Kikubaaqudgha
Makhleb
Nemelex Xobeh
Okawaru
Qazlal
Ru
Sif Muna
Trog
Uskayaw
Vehumet
Xom
Yredelemnul
Zin
The Shining One
Beogh

Shops:
D:6 !

Annotations:
D:3 MTVSty1e's ghost, amateur FoGl
Lair:2 exclusion: 2 oklob plants
Lair:3 Nergalle


Innate Abilities, Weirdness & Mutations

You have hooves in place of feet.
Armour fits poorly on your strangely shaped body.
You cover ground very quickly.
You have extremely tough skin. (AC +3)


Message History

Firing (i - inventory. (,) - cycle):
d - 154 arrows (quivered)
Press: ? - help, Shift-Dir - straight line, f/p - Nergalle
Aim: Nergalle, wielding a dagger of electrocution and wearing a robe (severely wounded)
You shoot an arrow. The arrow barely misses Nergalle.
Unknown command.
Firing (i - inventory. (,) - cycle):
d - 153 arrows (quivered)
Press: ? - help, Shift-Dir - straight line, f/p - Nergalle
Aim: Nergalle, wielding a dagger of electrocution and wearing a robe (severely wounded)
You shoot an arrow. The arrow hits Nergalle!
Nergalle is almost dead.
All of the chunks of flesh in your inventory have rotted away.
Unknown command.
Firing (i - inventory. (,) - cycle):
d - 152 arrows (quivered)
Press: ? - help, Shift-Dir - straight line, f/p - Nergalle
Aim: Nergalle, wielding a dagger of electrocution and wearing a robe (almost dead)
You shoot an arrow. The arrow hits Nergalle.
Nergalle is almost dead.
Nergalle casts a spell at you. The bolt of negative energy hits you!
You feel drained.
You die...

#....(.......
#............
##.......<....
#...>.........
#.....(.......
##.....(.......
#......o(......
#.)....@.......
...>...........
...............
............###
...##.......P.
.. ##.#.......
. ## ##.....
[..#.


You could see Nergalle.

Vanquished Creatures
  2 hydras
  A catoblepas (Lair:2)
  The ghost of MDvedh the Grappler, a novice TrWr of Cheibriados (D:7)
  3 two-headed ogres
  2 manticores
  A black mamba (Lair:1)
  3 merfolk sirens (Lair:2)
  2 centaur skeletons
  2 komodo dragons
  4 spiny frogs
  A kobold demonologist (D:11)
  2 merfolk
  Grinder (D:5)
  A hornet (D:8)
  3 hippogriffs
  10 yaks (Lair:1)
  3 wyverns
  A basilisk (D:11)
  A steam dragon (D:11)
  An acid dragon (D:11)
  4 porcupines
  4 water moccasins
  6 sky beasts
  10 orc warriors
  A hornet zombie (D:9)
  A necrophage (D:9)
  4 ice beasts
  7 ogres
  An eye of draining (D:10)
  3 centaurs
  6 crocodiles
  2 big kobolds
  7 bullfrogs
  A scorpion (D:9)
  3 wights (D:11)
  5 howler monkeys
  2 electric eels (Lair:2)
  4 crimson imps
  A bullfrog zombie (D:9)
  2 centaur zombies
  7 hounds
  5 jellies
  Crazy Yiuf (D:7)
  15 orc priests
  2 gnoll shamans
  16 orc wizards
  A bullfrog skeleton (D:9)
  An iron imp (D:8)
  An iguana (D:5)
  4 worker ants
  A hound zombie (D:8)
  A worker ant zombie (D:8)
  16 adders
  7 gnolls
  A shadow imp (D:5)
  2 adder zombies
  An adder skeleton (D:4)
  5 worms
  2 dart slugs
  5 leopard geckos
  36 orcs
  8 giant cockroaches
  6 goblins
  2 hobgoblins
  13 jackals
  13 kobolds
  4 quokkas
  A ball python zombie (D:5)
  6 bats
  A frilled lizard (D:2)
  2 goblin skeletons (D:8)
  A goblin zombie (D:8)
  3 hobgoblin zombies (D:8)
  2 kobold skeletons (D:8)
  2 kobold zombies (D:8)
  A quokka skeleton (D:4)
  A quokka zombie (D:9)
  6 rats
  A plant (Lair:1)
322 creatures vanquished.

Vanquished Creatures (others)
  A fungus (D:7)
1 creature vanquished.

Grand Total: 323 creatures vanquished

Notes
Turn   | Place    | Note
-------+----------+-------------------------------------------
     0 | D:1      | mopl the Centaur Hunter began the quest for the Orb.
     0 | D:1      | Reached XP level 1. HP: 17/17 MP: 1/1
   334 | D:1      | Reached XP level 2. HP: 22/24 MP: 2/2
   352 | D:1      | Reached skill level 6 in Bows
   697 | D:2      | Reached XP level 3. HP: 21/29 MP: 3/3
   777 | D:2      | Found a stormy altar of Qazlal.
  1148 | D:2      | Found a shattered altar of Ashenzari.
  1167 | D:2      | Became a worshipper of Ashenzari the Shackled
  1168 | D:2      | Fell from the grace of Ashenzari
  1254 | D:2      | Found a white marble altar of Elyvilon.
  1273 | D:2      | Reached skill level 7 in Bows
  1371 | D:2      | Reached XP level 4. HP: 25/36 MP: 4/4
  1945 | D:3      | Noticed MTVSty1e's ghost (amateur FoGl)
  2071 | D:3      | Reached skill level 8 in Bows
  2648 | D:4      | Was forgiven by Ashenzari
  2648 | D:4      | Reached XP level 5. HP: 27/41 MP: 5/5
  2803 | D:4      | Noticed an ogre
  2806 | D:4      | Killed an ogre
  2806 | D:4      | Reached skill level 9 in Bows
  3132 | D:4      | Noticed an ogre
  3150 | D:4      | Killed an ogre
  3150 | D:4      | Reached XP level 6. HP: 41/48 MP: 6/6
  3252 | D:5      | Entered Level 5 of the Dungeon
  3309 | D:5      | Noticed Grinder
  3322 | D:4      | Reached skill level 10 in Bows
  3576 | D:5      | Killed Grinder
  3576 | D:5      | Reached skill level 11 in Bows
  3576 | D:5      | Reached XP level 7. HP: 12/55 MP: 7/7
  4396 | D:5      | Reached skill level 12 in Bows
  4758 | D:6      | Found a staircase to the Ecumenical Temple.
  4768 | Temple   | Entered the Ecumenical Temple
  4812 | Temple   | Became a worshipper of Warmaster Okawaru
  4994 | D:6      | Found an opulent altar of Gozag.
  5057 | D:6      | Reached XP level 8. HP: 54/61 MP: 8/8
  5135 | D:6      | Found a glowing silver altar of Zin.
  5178 | D:6      | Reached skill level 13 in Bows
  5293 | D:6      | Found Agiac's Distillery.
  5301 | D:6      | Bought a potion of degeneration for 13 gold pieces
  5301 | D:6      | Bought a potion of curing for 39 gold pieces
  5301 | D:6      | Bought a potion of agility for 52 gold pieces
  5301 | D:6      | Bought a potion of haste for 130 gold pieces
  5301 | D:6      | Bought a potion of flight for 39 gold pieces
  5301 | D:6      | Bought a potion of heal wounds for 65 gold pieces
  5599 | D:6      | Reached * piety under Okawaru
  5627 | D:6      | Found a basalt altar of Yredelemnul.
  5627 | D:6      | Found a blossoming altar of Fedhas.
  5691 | D:6      | Reached skill level 1 in Invocations
  6197 | D:7      | Reached skill level 2 in Invocations
  6304 | D:7      | Found a radiant altar of Vehumet.
  6311 | D:7      | Noticed a hippogriff
  6352 | D:7      | Killed a hippogriff
  6352 | D:7      | Reached skill level 14 in Bows
  6352 | D:7      | Reached skill level 3 in Invocations
  6432 | D:7      | Reached skill level 4 in Invocations
  6478 | D:7      | Reached XP level 9. HP: 67/67 MP: 12/12
  6545 | D:7      | Reached ** piety under Okawaru
  6731 | D:7      | Reached skill level 5 in Invocations
  6778 | D:7      | Noticed MDvedh's ghost (novice TrWr)
  6831 | D:7      | Killed MDvedh's ghost
  6831 | D:7      | Reached skill level 15 in Bows
  6831 | D:7      | Reached skill level 6 in Invocations
  7422 | D:7      | Found a runed door.
  7426 | D:7      | Noticed Crazy Yiuf
  7449 | D:7      | Killed Crazy Yiuf
  7598 | D:8      | Reached skill level 3 in Fighting
  7679 | D:8      | Reached skill level 7 in Invocations
  7836 | D:8      | Found a glowing golden altar of the Shining One.
  7967 | D:8      | Reached *** piety under Okawaru
  8087 | D:8      | Noticed a two-headed ogre
  8155 | D:8      | Killed a two-headed ogre
  8155 | D:8      | Reached skill level 4 in Fighting
  8155 | D:8      | Reached XP level 10. HP: 78/78 MP: 15/15
  8278 | D:8      | Found a hazy altar of Hepliaklqana.
  8383 | D:8      | Found a shadowy altar of Dithmenos.
  8651 | D:8      | Reached skill level 16 in Bows
  8793 | D:9      | Reached skill level 8 in Invocations
  8922 | D:9      | HP: 4/80 [hornet zombie (7)]
  9001 | D:9      | Reached **** piety under Okawaru
  9077 | D:9      | Reached skill level 5 in Fighting
  9550 | D:10     | Entered Level 10 of the Dungeon
  9643 | D:10     | Noticed a manticore
  9653 | D:10     | Killed a manticore
  9677 | D:10     | Reached skill level 9 in Invocations
  9774 | D:10     | Got a pitted silver ring
  9776 | D:10     | Identified the ring of Elitism {rPois rC- Int+6 Stlth-} (You found it on level 10 of the Dungeon)
 10091 | D:10     | Learned a level 3 spell: Regeneration
 10529 | D:10     | Received a gift from Okawaru
 10689 | D:11     | Reached skill level 6 in Fighting
 10758 | D:11     | Noticed a six-headed hydra
 10789 | D:11     | Killed a six-headed hydra
 10789 | D:11     | Reached ***** piety under Okawaru
 10800 | D:11     | Reached XP level 11. HP: 84/90 MP: 18/18
 11140 | D:11     | Noticed a two-headed ogre
 11183 | D:11     | Killed a two-headed ogre
 11183 | D:11     | Reached skill level 7 in Fighting
 11183 | D:11     | Reached skill level 17 in Bows
 11183 | D:11     | Reached skill level 10 in Invocations
 11440 | D:11     | Received a gift from Okawaru
 11513 | D:11     | Noticed a two-headed ogre
 11524 | D:11     | Killed a two-headed ogre
 11884 | D:11     | Received a gift from Okawaru
 12057 | D:11     | Found a staircase to the Lair.
 12068 | Lair:1   | Entered Level 1 of the Lair of Beasts
 12402 | Lair:1   | Reached skill level 8 in Fighting
 12684 | Lair:1   | Reached skill level 11 in Invocations
 13150 | Lair:1   | Received a gift from Okawaru
 13621 | D:12     | Reached skill level 1 in Armour
 13621 | D:12     | Reached skill level 2 in Dodging
 13655 | D:12     | Found a staircase to the Orcish Mines.
 13663 | D:12     | Found a roughly hewn altar of Beogh.
 13786 | D:12     | Reached XP level 12. HP: 62/103 MP: 20/20
 13865 | D:12     | Noticed a deep troll earth mage
 13924 | D:11     | Received a gift from Okawaru
 14192 | D:6      | Bought a potion of curing for 39 gold pieces
 14192 | D:6      | Bought a potion of haste for 130 gold pieces
 14192 | D:6      | Bought a potion of brilliance for 52 gold pieces
 14576 | Lair:2   | Reached skill level 18 in Bows
 14835 | Lair:2   | Received a gift from Okawaru
 14835 | Lair:2   | Reached skill level 2 in Armour
 14946 | Lair:2   | Found a staircase to the Shoals.
 14990 | Lair:2   | Received a gift from Okawaru
 14994 | Lair:2   | Reached skill level 3 in Dodging
 15221 | Lair:2   | Reached skill level 9 in Fighting
 15443 | Lair:2   | Noticed a catoblepas
 15489 | Lair:2   | Killed a catoblepas
 15489 | Lair:2   | Received a gift from Okawaru
 15573 | Lair:2   | Noticed a six-headed hydra
 15641 | Lair:2   | Killed a six-headed hydra
 15709 | Lair:2   | Reached skill level 3 in Armour
 15779 | Lair:3   | Noticed Nergalle
 15808 | Lair:3   | Killed from afar by Nergalle

Skill      XL: |  1  2  3  4  5  6  7  8  9 10 11 12 |
---------------+-------------------------------------+-----
Bows           | 6 7 8 9 11 12 14 15 16 17 18 | 18.3
Invocations    | 4 7 9 11 | 11.0
Fighting       | 4 6 8 9 |  9.2
Armour         | 1 3 |  3.0
Dodging        | 2 3 |  3.4
Stealth        | |  0.4

Action                   |  1- 3 |  4- 6 |  7- 9 | 10-12 || total
-------------------------+-------+-------+-------+-------++-------
Melee: Short sword       |    28 |       |       |       ||    28
       Spear             |    94 |    23 |       |       ||   117
       Kick              |    22 |    10 |    43 |    74 ||   149
       Trident           |       |    79 |   176 |   292 ||   547
 Fire: Shortbow          |    37 |    75 |   394 |   864 ||  1370
Invok: Renounce Religion |     1 |       |       |       ||     1
       Heroism           |       |       |     3 |    14 ||    17
       Finesse           |       |       |       |     2 ||     2
  Use: Scroll            |       |     5 |       |     7 ||    12
       Potion            |       |       |       |     4 ||     4
  Eat: Chunk             |     1 |     6 |     9 |    16 ||    32
       Fruit             |       |       |     1 |     3 ||     4
Armor: Leather armour    |    26 |       |       |       ||    26
       Scale mail        |    53 |    48 |       |       ||   101
       Chain mail        |       |    49 |   206 |   279 ||   534
Dodge: Dodged            |    59 |    57 |    70 |   117 ||   303
